 Dungeon Crawl Stone Soup version 0.30-a0-166-g5d06c95188 (webtiles) character file.

Game seed: 14926386944357151989

309307 Ijustatesigmund the Warrior (level 21, -5/142 HPs)
             Began as a Gargoyle Fighter on Sept 29, 2022.
             Was the Champion of the Shining One.
             Slain by a war gargoyle
             ... wielding a +0 morningstar
             ... led by a peacekeeper
              (25 damage)
             ... on level 3 of the Vaults.
             The game lasted 01:34:41 (39660 turns).

Ijustatesigmund the Warrior (Gargoyle Fighter)     Turns: 39660, Time: 01:34:42

Health: -5/142     AC: 46    Str: 27    XL:     21   Next: 23%
Magic:  26/33      EV: 18    Int: 17    God:    the Shining One [******]
Gold:   3016       SH: 26    Dex: 15    Spells: 14/20 levels left

rFire   + . .      SeeInvis .    A - +6 morningstar (freeze)
rCold   + + +      Faith    .    c - +1 kite shield {rF+}
rNeg    + + +      Spirit   .    b - +3 chain mail of the Distant Future {rC++}
rPois   ∞          Reflect  .    H - +2 hat "Soed" {Will+ Int+6 Dex+4}
rElec   +          Harm     .    t - +2 cloak
rCorr   +          Rampage  .    d - +1 pair of gloves
Will    +++..                    Q - +2 pair of boots
Stlth   ..........               Y - amulet of Zukkuib {rC+ Will+ Regen+ rCorr Dex-2}
HPRegen 1.13/turn                U - +4 ring of evasion
MPRegen 0.23/turn                M - +4 ring of evasion

@: divinely shielded, flying, glowing, studying Armour
A: sickness immunity, AC +16, big wings, negative energy resistance 1,
electricity resistance, torment resistance 1, petrification resistance,
iridescent scales 1, agile 1, wild magic 1
}: 2/15 runes: decaying, serpentine
a: Renounce Religion, Divine Shield, Cleansing Flame, Summon Divine Warrior,
Brand Weapon With Holy Wrath


You were on level 3 of the Vaults.
You worshipped the Shining One.
The Shining One was exalted by your worship.
You visited 7 branches of the dungeon, and saw 34 of its levels.
You also visited: Sewer, Ice Cave and Wizlab.

You collected 3552 gold pieces.
You spent 536 gold pieces at shops.

Inventory:

Hand Weapons
 a - the +9 staff of Wucad Mu {*channel}
   (You found it in a wizard's laboratory)

   It occasionally powers its wielder's spells, but with a chance of causing
   confusion or draining the wielder's intelligence.
   It becomes more likely to activate and less likely to backfire with increased
   Evocations skill.
 y - a +0 eveningstar of protection
 A - a +6 morningstar of freezing (weapon)
Armour
 b - the +3 chain mail of the Distant Future (worn) {rC++}
   (You found it on level 1 of the Swamp)

   rC:        It greatly protects you from cold.
 c - a +1 kite shield of fire resistance (worn)
 d - a +1 pair of gloves (worn)
 m - a scarf of resistance
 q - a +1 crystal plate armour of cold resistance
 t - a +2 cloak (worn)
 H - the +2 hat "Soed" (worn) {Will+ Int+6 Dex+4}
   (You found it on level 14 of the Dungeon)

   Int:       It affects your intelligence (+6).
   Dex:       It affects your dexterity (+4).
   Will:      It increases your willpower.
 Q - a +2 pair of boots (worn)
Jewellery
 D - a ring of ice
 M - a +4 ring of evasion (right hand)
 U - a +4 ring of evasion (left hand)
 V - the ring "Myrrecun" {Fire *Corrode +Blink rElec rN++}
   (You found it on level 5 of the Lair of Beasts)

   [ring of fire]

   It enhances your fire magic.
   rF:        It protects you from fire.
   rC:        It makes you vulnerable to cold.
   rElec:     It insulates you from electricity.
   rN:        It greatly protects you from negative energy.
   +Blink:    It lets you blink.
   *Corrode:  It may corrode you when you take damage.
 Y - the amulet of Zukkuib (around neck) {rC+ Will+ Regen+ rCorr Dex-2}
   (You found it on level 13 of the Dungeon)

   [amulet of regeneration]

   Dex:       It affects your dexterity (-2).
   rC:        It protects you from cold.
   Regen:     It increases your rate of health regeneration.
   rCorr:     It protects you from acid and corrosion.
   Will:      It increases your willpower.
Wands
 i - a wand of light (12)
 j - a wand of iceblast (32)
 l - a wand of charming (22)
 p - a wand of polymorph (18)
 B - a wand of flame (45)
 F - a wand of mindburst (51)
 W - a wand of digging (14)
Scrolls
 f - 6 scrolls of fear
 g - 5 scrolls of vulnerability
 n - 11 scrolls of teleportation
 o - 13 scrolls of poison
 s - 8 scrolls of amnesia
 u - 8 scrolls of butterflies
 v - a scroll of silence
 z - 13 scrolls of identify
 I - 9 scrolls of immolation
 J - 2 scrolls of summoning
 K - 5 scrolls of magic mapping
 R - 3 scrolls of enchant weapon
 X - a scroll of enchant armour
 Z - a scroll of blinking
Potions
 e - 3 potions of resistance
 h - 10 potions of flight
 k - 8 potions of might
 r - 11 potions of curing
 w - 3 potions of mutation
 C - 2 potions of cancellation
 E - 4 potions of lignification
 G - 4 potions of heal wounds
 L - 6 potions of haste
 N - 5 potions of magic
 O - 8 potions of attraction
 P - a potion of ambrosia
 S - 4 potions of brilliance
 T - a potion of berserk rage
Miscellaneous
 x - a phantom mirror


   Skills:
 + Level 18.6 Fighting
 + Level 17.8 Maces & Flails
 + Level 15.5 Armour
 - Level 4.2 Dodging
 - Level 10.4 Shields
 - Level 11.3 Translocations
 + Level 17.1 Invocations
 - Level 10.0 Evocations


You had 14 spell levels left.
You knew the following spells:

 Your Spells              Type           Power      Damage    Failure   Level
a - Blink                 Tloc           100%       N/A       4%          2
b - Apportation           Tloc           100%       N/A       3%          1
c - Lesser Beckoning      Tloc           50%        N/A       9%          3

Your spell library contained the following spells:

 Spells                   Type           Power      Damage    Failure   Level
 Passage of Golubria      Tloc           50%        N/A       26%         4
 Momentum Strike          Conj/Tloc      50%        3d9       36%         2
 Kindle Blastsparks       Fire/Tloc/Air  32%        2d12      82%         3
 Foxfire                  Conj/Fire      0%         2x1d4     92%         1
 Magic Dart               Conj           0%         1d3       92%         1
 Necrotise                Necr           0%         1d4       92%         1
 Sandblast                Erth           0%         2d4       92%         1
 Slow                     Hex            0%         N/A       92%         1
 Sting                    Tmut/Pois      0%         1d3       92%         1
 Summon Small Mammal      Summ           0%         N/A       92%         1
 Passwall                 Tmut/Erth      0%         N/A       97%         2
 Searing Ray              Conj           0%         2d4       97%         2
 Wereblood                Tmut           0%         N/A       97%         2
 Summon Forest            Summ/Tloc      12%        N/A       99%         5
 Call Canine Familiar     Summ           0%         N/A       100%        3
 Confusing Touch          Hex            0%         N/A       100%        3
 Dazzling Flash           Conj/Hex       0%         N/A       100%        3
 Hailstorm                Conj/Ice       0%         3d3       100%        3
 Ignite Poison            Fire/Tmut/Pois 0%         N/A       100%        3
 Mephitic Cloud           Conj/Pois/Air  0%         N/A       100%        3
 Ozocubu's Armour         Ice            0%         N/A       100%        3
 Stone Arrow              Conj/Erth      0%         3d7       100%        3
 Summon Guardian Golem    Hex/Summ       0%         N/A       100%        3
 Vampiric Draining        Necr           0%         2d6       100%        3
 Anguish                  Hex/Necr       0%         N/A       100%        4
 Flame Wave               Conj/Fire      0%         2d4       100%        4
 Fulminant Prism          Conj/Hex       0%         3d6       100%        4
 Ice Form                 Ice/Tmut       0%         N/A       100%        4
 Olgreb's Toxic Radiance  Pois           0%         N/A       100%        4
 Petrify                  Tmut/Erth      0%         N/A       100%        4
 Summon Ice Beast         Ice/Summ       0%         N/A       100%        4
 Agony                    Necr           0%         N/A       100%        5
 Fireball                 Conj/Fire      0%         3d3       100%        5
 Freezing Cloud           Conj/Ice/Air   0%         6-21      100%        5
 Irradiate                Conj/Tmut      0%         3d11      100%        5
 Metabolic Englaciation   Hex/Ice        0%         N/A       100%        5
 Silence                  Hex/Air        0%         N/A       100%        5
 Summon Mana Viper        Hex/Summ       0%         N/A       100%        5
 Yara's Violent Unravell  Hex/Tmut       0%         3d3       100%        5
 Simulacrum               Ice/Necr       0%         N/A       100%        6
 Starburst                Conj/Fire      0%         6d3       100%        6
 Summon Cactus Giant      Summ           0%         N/A       100%        6
 Enfeeble                 Hex            0%         N/A       100%        7
 Orb of Destruction       Conj           0%         9d5       100%        7
 Ozocubu's Refrigeration  Ice            0%         4d7       100%        7
 Spellforged Servitor     Conj/Summ      0%         N/A       100%        7
 Ignition                 Fire           0%         3d3       100%        8
 Infestation              Necr           0%         N/A       100%        8
 Lehudib's Crystal Spear  Conj/Erth      0%         10d2      100%        8
 Maxwell's Capacitive Co  Air            0%         ∞         100%        8
 Sublimation of Blood     Necr           Unusable   N/A       N/A         2

Dungeon Overview and Level Annotations

Branches:
Dungeon (15/15)            Temple (1/1) D:7            Lair (5/5) D:8
  Swamp (4/4) Lair:2        Snake (4/4) Lair:3        Slime (0/5) Lair:4
    Orc (2/2) D:11            Elf (0/3) Orc:2        Vaults (3/5) D:14
  Crypt (0/3) Vaults:3     Depths (0/4) D:15          Sewer (visited)
  IceCv (visited)          WizLab (visited)

Altars:
Ashenzari
Cheibriados
Dithmenos
Elyvilon
Fedhas
Gozag
Hepliaklqana
Kikubaaqudgha
Makhleb
Nemelex Xobeh
Okawaru
Qazlal
Ru
Sif Muna
Trog
Uskayaw
Vehumet
Wu Jian
Xom
Yredelemnul
Zin
The Shining One
Jiyva
Lugonu

Shops:
D:2 ?   D:4 *   D:9 ?   D:13 :   Orc:2 (:!(   Vaults:1 (

Portals:
Abyss: Lair:5
Trove: D:15 (give +3 shadow dragon scales)

Annotations:
D:14 Roxanne
Lair:4 1 runed translucent door


Innate Abilities, Weirdness & Mutations

You are immune to sickness and miasma.
Your stone body is resilient. (AC +16)
You are immune to poison.
Your large and strong wings let you fly.
You resist negative energy. (rN+)
You are resistant to electric shocks. (rElec)
You are resistant to unholy torment.
You are immune to petrification.
You are partially covered in iridescent scales. (AC +2)
You are agile. (Dex +4, Str/Int -1)
Your spells are a little harder to cast, but a little more powerful.


Message History

You block the ironbound convoker's attack.
You block the vault warden's attack.
The deep troll bites you but does no damage.
You block the deep troll's attack. The deep troll misses you.
The deep troll bites you but does no damage.
The deep troll claws you but does no damage.
The deep troll claws you. The war gargoyle completely misses you.
You skewer the ironbound frostheart like a kebab!!!
You freeze the ironbound frostheart.
You kill the ironbound frostheart!
A freezing mist starts to gather...
An ironbound frostheart simulacrum comes into view.
You block the war gargoyle's attack.
You block the ironbound convoker's attack.
The deep troll bites you!
* * * LOW HITPOINT WARNING * * *
The deep troll claws you but does no damage.
You block the deep troll's attack.
The vault warden activates a sealing rune.
The ironbound preserver simulacrum hits you but does no damage.
The deep troll bites you but does no damage.
The deep troll closely misses you. You block the deep troll's attack.
You puncture the ironbound convoker! You freeze the ironbound convoker.
The ironbound convoker is heavily wounded.
You block the war gargoyle's attack.
You impale the ironbound convoker!! You freeze the ironbound convoker!
You kill the ironbound convoker!
A freezing mist starts to gather...
An ironbound convoker simulacrum comes into view.
You block the deep troll's attack. x2
The deep troll claws you but does no damage.
The deep troll bites you!
* * * LOW HITPOINT WARNING * * *
You block the deep troll's attack. x2
The vault warden hits you from afar with a +2 glaive of flaming!
* * * LOW HITPOINT WARNING * * *
The vault warden burns you.
* * * LOW HITPOINT WARNING * * *
The war gargoyle hits you with a +0 morningstar!!
You die...

*,,,,,,,,,,,*
****+********
#########,,,,,,,*
#.......#...(...#
#.......#.......#
#..Z....+.......#
#...).ZZ#.......#
#...p)ZT#..>....# ****
#....T@[#.......# *#,,,
#....9..#.......###8,##
#.......+.......##..,#.
#########.......##.#,#.
#.......##.#,#.
#.......##.#,#.
#######'##.#,#.
#......'.#,#.
#......#.#,##


You could see a vault warden, 2 deep trolls, a war gargoyle, an ironbound
convoker simulacrum, 2 ironbound preserver simulacra and an ironbound frostheart
simulacrum.

Vanquished Creatures
  Rupert (Orc:2)
  A tentacled monstrosity (Swamp:4)
  A titan (Vaults:2)
  2 liches (D:13)
  2 sphinxes
  Frances (Swamp:1)
  An ancient champion (Vaults:3)
  Gastronok (D:8)
  A tengu reaver (Vaults:2)
  3 thorn hunters
  10 nagarajas
  A fenstrider witch (Swamp:4)
  4 vault wardens
  A frost giant (Vaults:2)
  Aizul (Snake:1)
  5 ghouls
  7 ironbound preservers
  4 very ugly things
  5 ironbound thunderhulks
  A deep elf demonologist (Vaults:1)
  An eleionoma (Swamp:3)
  Nessos (D:12)
  5 bunyips
  The ghost of LMSNoise the Fighter, a journeyman VSBr of Ashenzari (Lair:5)
  An orange crystal statue (WizLab)
  17 dire elephants
  2 green deaths (Swamp:4)
  2 ettins
  A crystal guardian (Vaults:1)
  2 blizzard demons (IceCv)
  2 yaktaur captains
  A deep elf high priest (Vaults:2)
  2 rakshasas (D:15)
  A great orb of eyes (Vaults:3)
  4 vault guards
  A peacekeeper (Vaults:1)
  4 salamander tyrants
  4 anacondas
  22 hydras
  2 ogre magi (Orc:2)
  7 ironbound frosthearts
  10 alligators
  4 catoblepae
  9 centaur warriors
  4 boulder beetles
  10 naga warriors
  4 two-headed ogres
  3 shock serpents
  A vampire mage (Vaults:3)
  3 thrashing horrors
  7 naga sharpshooters
  Sonja (Lair:5)
  2 salamander mystics
  A shadow wraith (Vaults:1)
  7 goliath frogs
  A spark wasp zombie (D:15)
  6 naga ritualists
  5 skeletal warriors (D:15)
  5 deep trolls (Vaults:1)
  8 spriggan druids
  A glowing orange brain (Vaults:1)
  14 swamp dragons
  A flayed ghost (D:15)
  An obsidian statue (IceCv)
  8 lindwurms
  6 spriggan simulacra (IceCv)
  3 necromancers
  13 bog bodies
  2 wizards
  8 ironbound convokers
  A steelbarb worm (shapeshifter) (Vaults:1)
  An oklob plant (Lair:3)
  3 orc knights (Orc:1)
  2 deep elf pyromancers
  A fire giant zombie (D:15)
  12 orc sorcerers
  2 manticores
  18 ugly things
  9 mana vipers
  A shadow dragon skeleton (D:15)
  4 will-o-the-wisps
  2 cyclopes
  12 salamanders
  32 black mambas
  4 elephants (Lair:5)
  A stone giant skeleton (D:15)
  9 guardian serpents
  A smoke demon (Lair:5)
  10 naga magi
  Maurice (D:8)
  5 orange demons (Swamp:4)
  6 vault sentinels
  9 cane toads
  A yaktaur (shapeshifter) (Lair:5)
  An unseen horror (D:12)
  4 rime drakes
  3 komodo dragons
  A kobold demonologist (D:9)
  An anaconda simulacrum (IceCv)
  An efreet (D:15)
  4 tengu conjurers
  2 ancient zymes (Lair:5)
  10 ice devils (IceCv)
  3 trolls
  33 yaktaurs
  A guardian mummy (D:15)
  3 freezing wraiths
  5 hornets
  2 bloated husks
  A meliai (shapeshifter) (Lair:5)
  14 tyrant leeches
  2 tarantellas (shapeshifter)
  Prince Ribbit (D:8)
  25 blink frogs
  35 slime creatures
  A snapping turtle (shapeshifter) (Lair:5)
  A jumping spider (shapeshifter) (Lair:5)
  4 shadows
  A centaur simulacrum (D:15)
  A vampire (D:12)
  2 wyverns
  6 basilisks
  9 spriggans
  A ynoxinul (Lair:5)
  39 yaks
  A wraith (D:13)
  Grum (D:8)
  2 dire elephant simulacra (IceCv)
  9 humans (D:14)
  A chaos spawn (Lair:5)
  A two-headed ogre zombie (D:11)
  2 harpy simulacra (IceCv)
  2 wargs
  8 vampire mosquitoes
  11 minotaur simulacra (IceCv)
  15 swamp worms
  33 nagas
  A hydra simulacrum (Lair:5)
  An acid dragon (D:10)
  17 orc warriors
  13 water moccasins
  3 ice beasts
  3 large abominations
  3 black mamba simulacra (Lair:5)
  2 ettin simulacra (IceCv)
  A hornet zombie (D:5)
  3 sky beasts
  An alligator simulacrum (IceCv)
  6 ogres
  A boulder beetle simulacrum (Lair:5)
  14 wolves
  5 centaurs
  9 small abominations (Lair:5)
  4 phantoms
  10 bullfrogs
  A cane toad simulacrum (Lair:5)
  5 scorpions
  A kobold brigand (D:8)
  3 necrophages
  8 wights
  8 deep troll simulacra (IceCv)
  A troll zombie (D:11)
  A killer bee (D:10)
  A lindwurm simulacrum (IceCv)
  2 electric eels
  6 howler monkeys
  2 bullfrog zombies (D:5)
  A fire crab simulacrum (Lair:5)
  A centaur zombie (D:5)
  15 orc priests
  2 hounds
  A bullfrog skeleton (D:5)
  4 iguanas
  Ijyb (D:3)
  A merfolk siren (Sewer)
  33 orc wizards
  A scorpion zombie (D:5)
  A merfolk avatar (Sewer)
  6 ogre zombies (D:11)
  A howler monkey skeleton (D:5)
  11 adders
  9 gnolls
  4 river rats
  A white imp (D:6)
  4 ufetubi
  2 worms
  A dart slug (D:3)
  84 orcs
  15 ball pythons
  6 bats
  9 endoplasms
  4 giant cockroaches
  13 hobgoblins
  8 jackals
  17 kobolds
  3 quokkas
  4 frilled lizards
  10 goblins
  2 goblin zombies (D:11)
  4 hobgoblin skeletons (D:11)
  2 hobgoblin zombies (D:11)
  2 orc skeletons (D:11)
  15 orc zombies (D:11)
  31 rats
  A briar patch (Swamp:3)
1200 creatures vanquished.

Vanquished Creatures (collateral kills)
  2 liches (D:13)
  The ghost of Lowk the Thaumaturge, a journeyman DjFE of Makhleb (D:13)
  A gargoyle (D:12)
4 creatures vanquished.

Vanquished Creatures (others)
  The ghost of Essalna the Warrior, an adept DjCj of Makhleb (Swamp:4)
  A bunyip (Swamp:4)
  3 goliath frogs
  A moth of wrath (Swamp:4)
  A guardian serpent (Snake:3)
  3 bloated husks
  A tyrant leech (Swamp:4)
  A human (D:14)
  2 swamp worms (Swamp:1)
  3 orc wizards
  2 orcs
  5 ball lightnings (Swamp:4)
  14 foxfires
  10 fungi
  60 plants
  A withered plant (D:15)
109 creatures vanquished.

Grand Total: 1313 creatures vanquished

Notes
Turn   | Place    | Note
-------+----------+-------------------------------------------
     0 | D:1      | Ijustatesigmund the Gargoyle Fighter began the quest for
                  | the Orb.
     0 | D:1      | Reached XP level 1. HP: 14/14 MP: 1/1
   149 | D:1      | Reached XP level 2. HP: 16/19 MP: 2/2
   319 | D:1      | Reached XP level 3. HP: 19/24 MP: 3/3
   328 | D:1      | Reached skill level 4 in Fighting
  1380 | D:2      | Found Veptich's Magic Scroll Shop.
  1393 | D:2      | Reached XP level 4. HP: 30/30 MP: 4/4
  1394 | D:2      | Bought a scroll of identify for 24 gold pieces
  1394 | D:2      | Bought a scroll of teleportation for 36 gold pieces
  1885 | D:2      | Reached XP level 5. HP: 31/34 MP: 5/5
  1943 | D:2      | Found a faded altar of an unknown god.
  2189 | D:3      | Reached skill level 5 in Fighting
  2462 | D:3      | Noticed Ijyb
  2973 | D:4      | Found a broken altar of Ashenzari.
  3272 | D:4      | Found Ketamm's Lightly-Used Armoury.
  3415 | D:3      | Killed Ijyb
  3416 | D:3      | Reached XP level 6. HP: 5/40 MP: 6/6
  4148 | D:4      | Found a shadowy altar of Dithmenos.
  4160 | D:4      | Found a glowing silver altar of Zin.
  4225 | D:5      | Entered Level 5 of the Dungeon
  4879 | D:5      | Reached skill level 6 in Fighting
  4879 | D:5      | Reached skill level 5 in Maces & Flails
  4879 | D:5      | Reached XP level 7. HP: 40/46 MP: 7/7
  5276 | D:5      | Reached XP level 8. HP: 34/52 MP: 8/8
  5547 | D:5      | Reached skill level 5 in Shields
  5758 | D:6      | Reached skill level 7 in Fighting
  6099 | D:6      | Found a glowing drain.
  6116 | Sewer    | Entered a sewer
  7050 | D:6      | Reached skill level 8 in Fighting
  7067 | D:6      | Reached XP level 9. HP: 39/59 MP: 9/9
  7886 | D:7      | Reached skill level 9 in Fighting
  8274 | D:7      | Identified the +5 ring mail of the Pink Corner {Str+2}
  8658 | D:7      | Found a staircase to the Ecumenical Temple.
  8734 | Temple   | Entered the Ecumenical Temple
  9009 | D:7      | Identified the +5 flail "Epnouppe" {distort, Str+2 Int+4
                  | SInv}
  9091 | D:8      | Found a sparkling altar of Nemelex Xobeh.
  9222 | D:8      | Found a glowing golden altar of the Shining One.
  9248 | D:8      | Reached XP level 10. HP: 50/67 MP: 7/10
  9297 | D:8      | Became a worshipper of the Shining One
  9408 | D:8      | Found a staircase to the Lair.
  9480 | D:8      | Reached skill level 1 in Invocations
  9527 | D:8      | Noticed Maurice
  9527 | D:8      | Noticed Prince Ribbit
  9528 | D:8      | Noticed Grum
  9740 | D:8      | Reached skill level 10 in Fighting
  9915 | D:8      | Reached skill level 5 in Armour
 10015 | D:8      | Found the +0 staff of Battle
 10171 | D:8      | Killed Maurice
 10180 | D:8      | Killed Prince Ribbit
 10188 | D:8      | Killed Grum
 10422 | D:8      | Noticed Gastronok
 10443 | D:8      | Killed Gastronok
 10444 | D:8      | Reached skill level 11 in Fighting
 10444 | D:8      | Reached XP level 11. HP: 41/74 MP: 8/14
 10645 | D:8      | Found a radiant altar of Vehumet.
 10740 | D:9      | Found Obesukk's Magic Scroll Shoppe.
 10749 | D:9      | Bought a scroll of summoning for 133 gold pieces
 10749 | D:9      | Bought a scroll of identify for 28 gold pieces
 10749 | D:9      | Bought a scroll of identify for 28 gold pieces
 10749 | D:9      | Bought a scroll of teleportation for 42 gold pieces
 10749 | D:9      | Bought a scroll of teleportation for 42 gold pieces
 10749 | D:9      | Bought a scroll of teleportation for 42 gold pieces
 10789 | D:9      | Reached * piety under the Shining One
 10811 | D:9      | Identified the +11 hand axe "Jasuwar" {vamp, *Rage rElec
                  | Str+4}
 10847 | D:9      | Reached skill level 5 in Invocations
 10863 | D:9      | Noticed a two-headed ogre
 10870 | D:9      | Killed a two-headed ogre
 10871 | D:9      | Reached skill level 10 in Maces & Flails
 10975 | D:9      | Noticed a two-headed ogre
 10988 | D:9      | Killed a two-headed ogre
 11303 | D:9      | Noticed a sixfirhy
 11519 | D:10     | Entered Level 10 of the Dungeon
 11602 | D:10     | Found a basalt altar of Yredelemnul.
 11626 | D:10     | Found a snail-covered altar of Cheibriados.
 11743 | D:10     | Noticed a two-headed ogre
 11936 | D:10     | Killed a two-headed ogre
 11941 | D:10     | Reached skill level 1 in Evocations
 12365 | D:11     | Noticed a boulder beetle
 12393 | D:11     | Killed a boulder beetle
 12499 | D:11     | Found a staircase to the Orcish Mines.
 12499 | D:11     | Reached ** piety under the Shining One
 12578 | D:11     | Reached *** piety under the Shining One
 12618 | D:11     | Reached **** piety under the Shining One
 12657 | D:11     | Reached skill level 12 in Fighting
 12661 | D:11     | Reached XP level 12. HP: 74/81 MP: 14/17
 12680 | D:11     | Noticed a catoblepas
 12691 | D:11     | Killed a catoblepas
 12865 | D:11     | Noticed a centaur warrior
 12873 | D:11     | Killed a centaur warrior
 13099 | D:11     | Found the +18 Lear's hauberk
 13516 | D:12     | Noticed Nessos
 13815 | D:12     | Killed Nessos
 14184 | D:12     | Learned a level 2 spell: Blink
 14835 | D:13     | Reached skill level 1 in Translocations
 15093 | D:13     | Noticed a centaur warrior
 15100 | D:13     | Killed a centaur warrior
 15201 | D:13     | Noticed a catoblepas
 15210 | D:13     | Killed a catoblepas
 15266 | D:13     | Noticed a centaur warrior
 15273 | D:13     | Killed a centaur warrior
 15344 | D:13     | Reached skill level 13 in Fighting
 15437 | D:13     | Found Sepyeciw's Book Shop.
 15477 | D:13     | Found a runed translucent gate.
 15478 | D:13     | Found a runed translucent gate.
 15479 | D:13     | Found an ancient bone altar of Kikubaaqudgha.
 15480 | D:13     | Found a runed translucent gate.
 15481 | D:13     | Noticed Lowk's ghost (journeyman DjFE)
 15481 | D:13     | Noticed a lich
 15481 | D:13     | Noticed a lich
 15481 | D:13     | Noticed a lich
 15482 | D:13     | Noticed a lich
 15606 | D:14     | Noticed a centaur warrior
 15624 | D:14     | Reached XP level 13. HP: 20/88 MP: 4/19
 16061 | D:14     | Noticed Roxanne
 16169 | D:14     | Learned a level 1 spell: Apportation
 16212 | D:14     | Identified the +2 hat "Soed" {Will+ Int+6 Dex+4} (You found
                  | it on level 14 of the Dungeon)
 16685 | D:14     | Found a hide-covered altar of Uskayaw.
 16733 | D:14     | Noticed a vault guard
 16733 | D:14     | Noticed a vault guard
 16755 | D:14     | Killed a vault guard
 16807 | D:14     | Killed a vault guard
 16808 | D:14     | Reached skill level 10 in Invocations
 16910 | D:14     | Found a gate to the Vaults.
 17169 | Lair:1   | Entered Level 1 of the Lair of Beasts
 17368 | Lair:1   | Reached skill level 5 in Translocations
 17492 | Lair:1   | Reached skill level 14 in Fighting
 17726 | Lair:2   | Reached ***** piety under the Shining One
 18351 | Lair:2   | Gained mutation: Your large and strong wings let you fly.
                  | [Gargoyle growth]
 18351 | Lair:2   | Reached XP level 14. HP: 96/96 MP: 20/22
 18366 | Lair:2   | Found a staircase to the Swamp.
 18520 | Lair:2   | You are sucked into a shaft and drop 2 floors!
 19047 | Lair:3   | Found a staircase to the Snake Pit.
 19862 | Lair:4   | Found a runed translucent door.
 19862 | Lair:4   | Found a viscous altar of Jiyva.
 20023 | Lair:4   | Noticed an azure jelly
 20024 | Lair:4   | Found a staircase to the Slime Pits.
 20024 | Lair:4   | Noticed an azure jelly
 20181 | Lair:5   | Entered Level 5 of the Lair of Beasts
 20303 | Lair:5   | Reached skill level 15 in Fighting
 20331 | Lair:5   | Found a runed translucent gate.
 20331 | Lair:5   | Found a runed translucent gate.
 20331 | Lair:5   | Found a runed translucent gate.
 20458 | Lair:5   | Noticed LMSNoise's ghost (journeyman VSBr)
 20479 | Lair:5   | Killed LMSNoise's ghost
 20490 | Lair:5   | Reached skill level 1 in Dodging
 20606 | Lair:5   | Got the ring "Myrrecun" {Fire *Corrode +Blink rElec rN++}
 20615 | Lair:5   | Identified the +0 pair of boots of Grace {Rampage rN+}
 21037 | Lair:5   | Identified the +8 quarterstaff "Muvium" {chaos, Str-5 Dex+2
                  | SInv}
 21185 | Lair:5   | Noticed Sonja
 21203 | Lair:5   | Reached XP level 15. HP: 103/103 MP: 22/24
 21211 | Lair:5   | Killed Sonja
 21229 | Lair:5   | Found a corrupted altar of Lugonu.
 21229 | Lair:5   | Found a one-way gate to the infinite horrors of the Abyss.
 21238 | Lair:5   | Got the Catalogue of Embers
 21616 | Orc:1    | Entered Level 1 of the Orcish Mines
 21631 | Orc:1    | Paralysed by an orc sorcerer for 5 turns
 21642 | Orc:1    | Reached ****** piety under the Shining One
 22072 | Orc:2    | Entered Level 2 of the Orcish Mines
 22074 | Orc:2    | Paralysed by an orc sorcerer for 2 turns
 22407 | Orc:2    | Found a staircase to the Elven Halls.
 22618 | Orc:2    | Found Liet Rua's Antique Weapon Shoppe.
 22659 | Orc:2    | Found a radiant altar of Vehumet.
 22692 | Orc:2    | Noticed Rupert
 22707 | Orc:2    | Killed Rupert
 22733 | Orc:2    | Found Huti's Antique Weapon Shoppe.
 23318 | Orc:2    | Found Qestre's Distillery.
 23372 | Orc:2    | Bought a glowing morningstar for 161 gold pieces
 23380 | Orc:2    | Found an ancient bone altar of Kikubaaqudgha.
 23410 | Orc:2    | Found Kicaek's Book Emporium.
 23672 | D:13     | Killed a lich
 23680 | D:13     | Killed a lich
 23681 | D:13     | Killed a lich
 23699 | D:13     | Killed Lowk's ghost
 23713 | D:13     | Killed a lich
 23725 | D:13     | Identified the +0 pair of gloves of Articulation {*Corrode
                  | rC- rN++ Dex+3}
 23729 | D:13     | Got the Tome of Poison and Rime
 23730 | D:13     | Identified the amulet of Zukkuib {rC+ Will+ Regen+ rCorr
                  | Dex-2}
 23833 | D:13     | Learned a level 3 spell: Lesser Beckoning
 23866 | D:15     | Entered Level 15 of the Dungeon
 24005 | D:15     | Found a staircase to the Depths.
 24044 | D:15     | Got the Encyclopedia of the Figure
 24222 | D:15     | Reached skill level 15 in Maces & Flails
 24258 | D:15     | Reached XP level 16. HP: 110/110 MP: 26/26
 24325 | D:15     | Identified the +0 chain mail of Guoxtal {MP+9}
 24730 | D:15     | Found a portal to a secret trove of treasure.
 25030 | Swamp:1  | Entered Level 1 of the Swamp
 25110 | Swamp:1  | Found a frozen archway.
 25114 | IceCv    | Entered an ice cave
 25299 | IceCv    | Reached skill level 10 in Shields
 26117 | IceCv    | Got the Codex of Cloudy Darkness
 26450 | Swamp:1  | Identified the +3 chain mail of the Distant Future {rC++}
 26488 | Swamp:1  | Reached skill level 16 in Fighting
 26569 | Swamp:1  | Noticed Frances
 26881 | Swamp:1  | Killed Frances
 27280 | Swamp:2  | Reached skill level 10 in Armour
 27480 | Swamp:2  | Identified the +8 hand axe of Dried Tears {vorpal, Str+6}
 28042 | Swamp:3  | Noticed a thorn hunter
 28055 | Swamp:3  | Killed a thorn hunter
 28197 | Swamp:3  | Reached XP level 17. HP: 46/116 MP: 22/28
 28630 | Swamp:4  | Entered Level 4 of the Swamp
 28881 | Swamp:4  | Reached skill level 15 in Invocations
 29031 | Swamp:4  | Noticed a tentacled monstrosity
 29052 | Swamp:4  | Killed a tentacled monstrosity
 29124 | Swamp:4  | Got a decaying rune of Zot
 29278 | Swamp:4  | Reached skill level 17 in Fighting
 29326 | Swamp:4  | Found an ancient bone altar of Kikubaaqudgha.
 29711 | Swamp:4  | Found a transporter.
 29714 | Swamp:4  | Noticed Essalna's ghost (adept DjCj)
 29725 | Swamp:4  | Found a transporter.
 29735 | Swamp:4  | Killed Essalna's ghost
 29739 | Swamp:4  | Identified the ring of Lehoniapn {rN++ SInv}
 30180 | Vaults:1 | Entered Level 1 of the Vaults
 30284 | Vaults:1 | Reached XP level 18. HP: 79/124 MP: 29/29
 30801 | Vaults:1 | Noticed a Brimstone Fiend
 30803 | Vaults:1 | Noticed a Hell Sentinel
 30804 | Vaults:1 | Noticed a Brimstone Fiend
 31084 | Vaults:1 | HP: 2/124 [lindwurm (6)]
 31287 | Vaults:1 | Found Plog's Weapon Shoppe.
 32058 | Vaults:2 | Reached skill level 18 in Fighting
 32138 | Vaults:2 | Noticed a titan
 32958 | Vaults:2 | Reached XP level 19. HP: 113/131 MP: 31/31
 33936 | Snake:1  | Entered Level 1 of the Snake Pit
 34072 | Snake:1  | You are sucked into a shaft and drop 1 floor!
 34120 | Snake:2  | Reached skill level 5 in Evocations
 34540 | Snake:1  | Identified a scroll of acquirement
 34548 | Snake:1  | Acquired a +0 eveningstar of protection
 34778 | Snake:1  | Noticed Aizul
 34788 | Snake:1  | Killed Aizul
 35568 | Snake:2  | Gained mutation: You have supernaturally acute eyesight.
                  | (SInv) [potion of mutation]
 35568 | Snake:2  | Gained mutation: You occasionally shout uncontrollably at
                  | your foes. [potion of mutation]
 35573 | Snake:2  | Lost mutation: You have supernaturally acute eyesight.
                  | (SInv) [potion of mutation]
 35573 | Snake:2  | Lost mutation: You occasionally shout uncontrollably at
                  | your foes. [potion of mutation]
 35573 | Snake:2  | Gained mutation: You expend magic power (3 MP) to
                  | strengthen your wands. [potion of mutation]
 35574 | Snake:2  | Lost mutation: You expend magic power (3 MP) to strengthen
                  | your wands. [potion of mutation]
 35574 | Snake:2  | Gained mutation: Your spells are a little harder to cast,
                  | but a little more powerful. [potion of mutation]
 35574 | Snake:2  | Gained mutation: You are partially covered in iridescent
                  | scales. (AC +2) [potion of mutation]
 35574 | Snake:2  | Gained mutation: You are agile. (Dex +4, Str/Int -1)
                  | [potion of mutation]
 36817 | Snake:4  | Entered Level 4 of the Snake Pit
 36910 | Snake:4  | Reached skill level 10 in Translocations
 37866 | Snake:4  | Got a serpentine rune of Zot
 38124 | Snake:4  | Reached XP level 20. HP: 131/137 MP: 32/32
 38859 | Vaults:3 | Reached skill level 10 in Evocations
 38937 | Vaults:3 | Found a staircase to the Crypt.
 39068 | Vaults:3 | Found a magical portal.
 39073 | WizLab   | Entered Wucad Mu's Monastery
 39322 | WizLab   | Found the +9 staff of Wucad Mu {*channel}
 39471 | WizLab   | Reached skill level 15 in Armour
 39471 | WizLab   | Reached XP level 21. HP: 142/142 MP: 33/33
 39660 | Vaults:3 | Slain by a war gargoyle

Illustrated notes

Levels and vault maps discovered:
D:1:      minmay_arrival_four_houses, layout_basic, minmay_tall_x
D:2:      layout_loops_ring, shapermc_ecumenical_altar_notcrosses, serial_shops,
          shop
D:3:      minmay_angry_zag, layout_basic, minmay_misc_feat_diagonals, uniq_ijyb
D:4:      layout_cave_pools, mainiacjoe_overflow_surrounded_room,
          amethyst_overflow_temple_binary, wad_floor_pattern_untrapped,
          minmay_shop_damaged
D:5:      layout_basic, serial_undead, serial_undead_a, serial_undead_e,
          serial_undead_a, serial_undead_f
D:6:      layout_basic, portal_sewer_entry_a, minmay_joined_circles
D:7:      corexii_shack_village, layout_basic, minmay_temple_entry_offerings
D:8:      layout_basic, nemelex_xobeh_ov_fountains_minmay,
          kennysheep_little_box, general_overflow_altar, lair_entry_dummy,
          minmay_misc_feat_five, hellmonk_guarded_unrand_staff_of_battle,
          uniq_gastronok, uniq_grum, uniq_maurice, uniq_prince_ribbit1
D:9:      layout_cave_pools, serial_shops, shop
D:10:     layout_rooms, mainiacjoe_overflow_paths, yredelemnul_altar_generic,
          minmay_fractal_squares_gapless_5
D:11:     layout_big_octagon, zombieorc2_lemuel
D:12:     layout_basic, serial_corexii_hall, corexii_hall_statues_i,
          corexii_hall_statues_x, nzn_life_drinkers, uniq_nessos
D:13:     layout_roguey, gammafunk_ghost_crypt, serial_shops,
          nicolae_square_shop, kennysheep_generic_room_11
D:14:     layout_loops_ring, ximxim_vaults_locker_room, minmay_misc_feat_rows,
          serial_bayou_lagoon_a, eat_drink_and_be_merry_uskayaw, uniq_roxanne
D:15:     gammafunk_depths_entry_grave, layout_loops_ring, enter_trove_5
Temple:   eino_temple_lava
Lair:1:   layout_roguey
Lair:2:   layout_gridlike, palyth_hydra_swamp_entry, infiniplex_staircase_pool_2
Lair:3:   beast_lair_carwin_large_1, layout_small_grid,
          minmay_snake_entry_guardpost_large, serial_bayou_shore_b,
          serial_bayou_shore_a
Lair:4:   layout_long_grid, slime_entry_2, serial_bayou_shore_b,
          grunt_megastairs_2
Lair:5:   hellmonk_lair_end_abyssal_woods, layout_long_grid,
          gammafunk_ghost_icy, uniq_sonja
Swamp:1:  layout_falls_marsh, portal_ice_cave_entry_pillars_four,
          hangedman_swamp_blocks, swamp_pool2, uniq_frances
Swamp:2:  layout_falls_marsh, nicolae_swamp_decorative_isthmus, swamp_pool1,
          infiniplex_staircase_pool
Swamp:3:  layout_basic_swamp, evilmike_swamp_ruin_house_5
Swamp:4:  swamp_vile, layout_basic_swamp, gammafunk_ghost_berserking_beasts,
          swamp_pool4, grunt_ruined_hall
Snake:1:  layout_grid_maze, serial_bayou_shore_b, uniq_aizul
Snake:2:  layout_rooms, serial_bayou_shore_b
Snake:3:  layout_cave_town, nicolae_snake_gridmaze_entwining
Snake:4:  snake_hunt, layout_basic, grunt_megastairs_4, lemuel_fruit_tree
Orc:1:    nicolae_orc_accident_2, layout_caves, serial_shops
Orc:2:    kennysheep_orc_mage_school, layout_caves, uniq_rupert
Vaults:1: v_misc_23, nicolae_vaults_what_the_h, vaults_room_stairs_pillars,
          hangedman_vaults_capsules, vaults_room_door_hall,
          nicolae_vaults_ring_of_whatevers, v_alt_pattern_1, st_octagons_2,
          vaults_room_semicircle, v_misc_24, v_pattern_4,
          dpeg_vaults_monster_row, nicolae_vaults_diagonal_hallway_9,
          layout_vaults_omnicross, serial_shops,
          nicolae_shop_bloodbath_and_beyond
Vaults:2: vaults_mumra_chevron_long, v_misc_32, hangedman_vaults_corner,
          vaults_mumra_minichess, nicolae_vaults_circle_grid_a,
          vaults_room_hangedman_quadrants, ontoclasm_vaults_loading_screen,
          layout_vaults_omnigrid
Vaults:3: infiniplex_enter_wizlab_spiral, minmay_crypt_entry_simple_statues,
          v_misc_22, hangedman_vaults_hat, nicolae_vaults_ninety_degrees,
          grunt_vaults_hallway_long, v_misc_18, grunt_vaults_hallway_long,
          v_misc_9, nicolae_vaults_little_squares_5, hangedman_vaults_pinch,
          layout_vaults_maze

Skill      XL: |  1  2  3  4  5  6  7  8  9 10 11 12 13 14 15 16 17 18 19 20 |
---------------+-------------------------------------------------------------+-----
Fighting       | 4 5 6 8 9 11 12 13 14 15 16 17 18 | 18.6
Maces & Flails | 3 4 5 7 8 9 10 11 13 14 15 16 17 | 17.8
Armour         | 4 6 7 8 10 11 13 15 | 15.5
Shields        | 4 6 8 9 10 | 10.4
Invocations    | 4 6 9 10 12 13 14 15 16 17 | 17.1
Evocations     | 2 4 9 10 | 10.0
Translocations | 2 5 7 9 11 | 11.3
Dodging        | 2 4 |  4.2

Action                   |  1- 3 |  4- 6 |  7- 9 | 10-12 | 13-15 | 16-18 | 19-21 || total
-------------------------+-------+-------+-------+-------+-------+-------+-------++-------
Melee: Flail             |   134 |   295 |   528 |    29 |       |       |       ||   986
       Morningstar       |       |       |       |   497 |   994 |  1381 |   974 ||  3846
 Cast: Apportation       |       |       |       |       |     5 |     1 |       ||     6
       Lesser Beckoning  |       |       |       |       |       |     3 |       ||     3
       Blink             |       |       |       |       |       |       |     1 ||     1
Invok: Divine Shield     |       |       |       |     2 |     8 |    12 |     7 ||    29
       Cleansing Flame   |       |       |       |       |     3 |    15 |     5 ||    23
       Summon Divine War |       |       |       |       |     1 |       |     1 ||     2
Evoke: Wand              |       |       |       |     6 |    11 |    14 |     9 ||    40
  Use: Potion            |     3 |     4 |     1 |     1 |       |     5 |     6 ||    20
       Scroll            |       |    10 |     4 |    12 |     8 |    11 |     8 ||    53
Armor: Scale mail        |    83 |   186 |       |       |       |       |       ||   269
       Chain mail        |       |    49 |   290 |       |       |   523 |   527 ||  1389
       Ring mail         |       |       |    44 |   352 |   396 |   106 |       ||   898
Dodge: Dodged            |    68 |   150 |   138 |   263 |   381 |   791 |   565 ||  2356
Block: Buckler           |    36 |       |       |       |       |       |       ||    36
       Kite shield       |       |   155 |   220 |   369 |   609 |   979 |   773 ||  3105

Table legend: (Time is in decaauts)
 A = Elapsed time spent in this place.
 B = Non-inter-level travel time spent in this place.
 C = Inter-level travel time spent in this place.
 D = Time resting spent in this place.
 E = Time spent auto-exploring this place.
 F = Levels seen in this place.
 G = Mean time per level.
                   A        B        C        D        E       F      G
               +--------+--------+--------+--------+--------+-----+--------+
         Total |  39725 |  37033 |   2692 |   6308 |  21828 |  37 | 1073.6 |
       Dungeon |  18993 |  17507 |   1486 |   3362 |  10393 |  15 | 1266.2 |
        Temple |     99 |     99 |      0 |      0 |     46 |   1 |   99.0 |
          Lair |   4795 |   4275 |    520 |    418 |   2978 |   5 |  959.0 |
         Swamp |   3329 |   3224 |    105 |    485 |   1742 |   4 |  832.2 |
     Snake Pit |   4449 |   4165 |    284 |    432 |   2765 |   4 | 1112.2 |
  Orcish Mines |   1764 |   1714 |     50 |    373 |    953 |   2 |  882.0 |
        Vaults |   3788 |   3544 |    244 |    552 |   1996 |   3 | 1262.7 |
         Sewer |    743 |    743 |      0 |     90 |    324 |   1 |  743.0 |
      Ice Cave |   1269 |   1269 |      0 |    520 |    417 |   1 | 1269.0 |
        Wizlab |    490 |    490 |      0 |     76 |    213 |   1 |  490.0 |
               +--------+--------+--------+--------+--------+-----+--------+

Top non-repeatable levels by time:
    D:14: 1915 daAuts
Vaults:1: 1840 daAuts
     D:8: 1765 daAuts
Vaults:2: 1654 daAuts
 Snake:4: 1499 daAuts
    D:11: 1490 daAuts
     D:6: 1484 daAuts
     D:5: 1476 daAuts
 Snake:1: 1436 daAuts
     D:1: 1295 daAuts
  Lair:5: 1273 daAuts
   IceCv: 1269 daAuts
     D:7: 1246 daAuts
   Orc:2: 1222 daAuts
    D:12: 1211 daAuts
